 Dungeon Crawl Stone Soup version 0.24-a0-581-gc0fa6600bf (webtiles) character file.

Game seed: 87369604192730326

16 Eightlegvermin the Vexing (level 2, 0/16 HPs)
             Began as a Kobold Arcane Marksman on Aug 24, 2019.
             Slain by an adder (4 damage)
             ... on level 2 of the Dungeon.
             The game lasted 00:05:39 (1312 turns).

Eightlegvermin the Vexing (Kobold Arcane Marksman)  Turns: 1312, Time: 00:05:40

Health: 0/16       AC:  2    Str:  7    XL:     2   Next: 75%
Magic:  2/3        EV: 15    Int: 14    God:
Gold:   49         SH:  0    Dex: 15    Spells: 0/3 levels left

rFire    . . .     SeeInvis .   a - +0 hand crossbow
rCold    . . .     Gourm    .   (shield restricted)
rNeg     . . .     Faith    .   e - +0 robe
rPois    .         Spirit   .   (no helmet)
rElec    .         Reflect  .   (no cloak)
rCorr    .         Harm     .   (no gloves)
MR       .....                  (no boots)
Stlth    ++........             (no amulet)
HPRegen  0.05/turn              (no ring)
MPRegen  0.08/turn              (no ring)

@: lethally poisoned (0 -> -6)
A: small, carnivore
a: no special abilities


You were on level 2 of the Dungeon.
You were very full.

You visited 1 branch of the dungeon, and saw 2 of its levels.

You collected 49 gold pieces.

Inventory:

Hand Weapons
 a - a +0 hand crossbow (weapon)
 b - a +0 dagger
Missiles
 d - 12 bolts (quivered)
Armour
 e - a +0 robe (worn)
 o - a +0 chain mail
Scrolls
 c - 2 scrolls of remove curse {unknown}
 i - a scroll of fog {unknown}
 m - a scroll of magic mapping {unknown}
 n - a scroll of enchant armour {unknown}
 p - a scroll of identify {unknown}
Potions
 g - a potion of magic {unknown}
 h - a potion of heal wounds {unknown}
 j - a potion of cancellation {unknown}
 k - 3 potions of agility {unknown}
 l - a potion of flight {unknown}
Comestibles
 f - 4 rations


   Skills:
 - Level 1.2 Fighting
 + Level 2.6 Crossbows
 - Level 2.6 Dodging
 * Level 1.5 Stealth
 - Level 1.1 Spellcasting
 - Level 3.3 Hexes


You couldn't memorise any spells.
You knew the following spells:

 Your Spells              Type           Power        Failure   Level  Hunger
a - Corona                Hex            ##.....      7%          1    ##.....
b - Slow                  Hex            ##......     10%         2    ###....

Your spell library contained the following spells:

 Spells                   Type           Power        Failure   Level  Hunger
 Inner Flame              Hex/Fire       #.......     36%         3    ####...
 Portal Projectile        Hex/Tloc       #.....       36%         3    ####...
 Cause Fear               Hex            ##........   54%         4    #####..
 Leda's Liquefaction      Hex/Erth       #.........   78%         4    #####..


Dungeon Overview and Level Annotations

Branches:
Dungeon (2/15)

Altars:


Innate Abilities, Weirdness & Mutations

You are small and have problems with some larger weapons.
You are carnivorous and can eat meat at any time.


Message History

The adder completely misses you.
Firing (i - inventory)
d - 15 bolts (quivered)
Press: ? - help, Shift-Dir - straight line, f/p - adder
Aim: an adder (moderately wounded, softly glowing)
You shoot a bolt. The bolt barely misses the adder.
The adder stops glowing.
The adder bites you.
You are poisoned.
The adder poisons you!
Firing (i - inventory)
d - 14 bolts (quivered)
Press: ? - help, Shift-Dir - straight line, f/p - adder
Aim: an adder (moderately wounded)
You shoot a bolt. The bolt barely misses the adder.
You feel sick. The adder bites you. x2
Firing (i - inventory)
d - 13 bolts (quivered)
Press: ? - help, Shift-Dir - straight line, f/p - adder
Aim: an adder (moderately wounded)
You shoot a bolt. The bolt barely misses the adder.
* * * LOW HITPOINT WARNING * * *
You feel sick. The adder bites you.
You die...

. ..## ....###### ##
#......############.
#(................
#....############.
#@...# #< #S........
## ## #.(.####### .
#..### .## #.# .)##
.. #...
.....#############...
..#
#.....<.hSs.......
...############h.##


You could see an adder.

Vanquished Creatures
  4 goblins (D:1)
  2 hobgoblins (D:1)
  A jackal (D:1)
  4 kobolds (D:1)
  2 frilled lizards (D:1)
  2 rats (D:1)
15 creatures vanquished.

Notes
Turn   | Place    | Note
-------+----------+-------------------------------------------
     0 | D:1      | Eightlegvermin the Kobold Arcane Marksman began the quest
                  | for the Orb.
     0 | D:1      | Reached XP level 1. HP: 12/12 MP: 2/2
   140 | D:1      | Reached XP level 2. HP: 16/16 MP: 0/3
   646 | D:1      | Reached skill level 1 in Stealth
  1190 | D:1      | Learned a level 2 spell: Slow
  1312 | D:2      | Slain by an adder

Levels and vault maps discovered:
D:1:      scummos_arrival_star, layout_rooms, serial_co_window_serial,
          co_window_paths_a, co_window_paths_a, co_window_corner_a,
          co_window_paths_a, co_window_paths_a, co_window_corner_a,
          co_window_paths_a, co_window_paths_a, co_window_cross_1,
          co_window_of_opportunity_b, co_window_paths_c, co_window_corner_cb
D:2:      layout_rooms, minmay_tetromino_i4

Skill      XL: |  1  2 |
---------------+-------+-----
Stealth        | 1 |  1.5
Fighting       | |  1.2
Crossbows      | |  2.6
Dodging        | |  2.6
Spellcasting   | |  1.1
Hexes          | |  3.3

Action                   || total
-------------------------++-------
Melee: Dagger            ||    25
 Fire: Hand crossbow     ||    22
 Cast: Corona            ||     9
 Stab: Sleeping          ||     1
  Eat: Chunk             ||     9
Armor: Robe              ||     6
Dodge: Dodged            ||    26

Table legend:
 A = Non-vault XP
 B = Vault XP
 C = Vault XP percentage of total XP
 D = Non-vault monster count
 E = Vault monster count
 F = Vault count percentage of total count
                 A         B        C        D         E       F
            +---------+---------+-------+---------+---------+-------
      Total |      24 |       0 |   0.0 |      15 |       0 |   0.0
            +---------+---------+-------+---------+---------+-------
        D:1 |      24 |       0 |   0.0 |      15 |       0 |   0.0
            +---------+---------+-------+---------+---------+-------
